 Dungeon Crawl Stone Soup version 0.30.1-3-gfc49f6343a (webtiles) character file.

Game seed: 12301231464923058665

23 growler the Ruffian (level 2, -1/25 HPs)
             Began as a Naga Transmuter on July 19, 2023.
             Constricted to death by Jessica (2 damage)
             ... on level 2 of the Dungeon.
             The game lasted 00:02:10 (851 turns).

growler the Ruffian (Naga Transmuter)                Turns: 851, Time: 00:02:10

Health: -1/25      AC:  1    Str: 12    XL:     2   Next: 95%
Magic:  4/5        EV:  7    Int: 13    God:
Gold:   89         SH:  0    Dex: 11    Spells: 2/5 levels left

rFire   . .          .
                       - Unarmed
rCold   . . .        (no shield)
rNeg    . . .        a - +0 robe
rPois   +            (helmet currently unavailable)
rElec   .            (no cloak)
rCorr   .            (no gloves)
SInv    +            (no barding)
Will    .....        (no amulet)
Stlth   +            (no ring)
HPRegen 0.24/turn    (no ring)
MPRegen 0.09/turn

%: no passive effects
@: short of breath, appendages, grasped by roots, constricted, very slow
A: horns 2, AC +0, large, see invisible, deformed body, poison resistance,
slowness 2, spit poison 1, naga tail 1
a: Spit Poison, End Transformation


You were on level 2 of the Dungeon.
You had temporarily grown beastly horns.
You visited 1 branch of the dungeon, and saw 2 of its levels.

You collected 89 gold pieces.

Inventory:

Armour
 a - a +0 robe (worn)
Scrolls
 c - a scroll of identify {unknown}
 d - a scroll of noise {unknown}
 h - 2 scrolls of fog {unknown}
 i - a scroll of immolation {unknown}
Potions
 b - a potion of lignification
 e - 2 potions of brilliance {unknown}
 f - 2 potions of flight {unknown}
 g - 2 potions of mutation {unknown}
 j - a potion of curing {unknown}


   Skills:
 - Level 1.4 Fighting
 - Level 1.8 Dodging
 + Level 3.2 Unarmed Combat
 + Level 2.2 Spellcasting
 + Level 2.3 Transmutations


You had 2 spell levels left.
You knew the following spells:

 Your Spells              Type           Power      Damage    Failure   Level
a - Beastly Appendage     Tmut           14%        N/A       10%         1
b - Wereblood             Tmut           7%         N/A       14%         2

Your spell library contained the following spells:

 Spells                   Type           Power      Damage    Failure   Level
 Magic Dart               Conj           4%         1d3       26%         1
 Searing Ray              Conj           2%         2d4       36%         2
 Spider Form              Tmut/Pois      4%         N/A       43%         3
 Ice Form                 Ice/Tmut       4%         N/A       83%         4
 Fulminant Prism          Conj/Hex       0%         3d5       94%         4


Dungeon Overview and Level Annotations

Branches:
Dungeon (2/15)

Altars:
Qazlal

Annotations:
D:2 Jessica


Innate Abilities, Weirdness & Mutations

You have temporarily grown beastly horns.
Your serpentine skin is tough. (AC +0)
You have supernaturally acute eyesight. (SInv)
Armour fits poorly on your strangely shaped body.
Your system is resistant to poisons. (rPois)
You cover ground very slowly.
You can spit poison.
You have a snake-like lower body.


Message History

You closely miss the hobgoblin.
You headbutt the hobgoblin, but do no damage.
The hobgoblin barely misses you.
You hit the hobgoblin.
You kill the hobgoblin!
No target in view!
Your transformation is almost over.
Found a stormy altar of Qazlal.
You see here a hobgoblin corpse.
Your horns disappear.
You open the door.
A quokka and Jessica come into view.
Jessica is wielding a +1 spectral club and carrying a wand of roots (12).
Found Jessica's Vademecum on Translocation.
Jessica shouts!
Jessica mumbles some strange words.
Jessica blinks!
There is an open door here.
Aiming: Spit Poison (2% risk of failure)
Press: ? - help, Shift-Dir - straight line, f - quokka
Aim: a quokka (45% to hit)
The splash of poison hits the quokka!
The quokka is poisoned.
You kill the quokka!
Jessica gestures wildly while chanting.
Jessica seems to speed up.
You grow a pair of large bovine horns.
You closely miss Jessica.
Jessica zaps a wand.
The roots erupt in riotous growth!
The grasping roots grab you!
Jessica is unaffected.
The grasping roots constrict you.
You hit Jessica.
Jessica is moderately wounded.
Jessica hits you with a +1 spectral club.
The +1 spectral club hits you! The grasping roots constrict you.
Jessica hits you with a +1 spectral club.
* * * LOW HITPOINT WARNING * * *
The +1 spectral club hits you.
* * * LOW HITPOINT WARNING * * *
The grasping roots constrict you.
You die...

########### ##
#.........# ####.#
#.#.....#.###.....#
#...........≈.≈.#.#
#..##@##..#.≈.≈...#
#(@.##...≈.≈.#### #
#....:#...≈≈≈....#
##.
#.....#.....#.#.#
#...#.....#...#.#
#...##...##†..#.#..
....#####.........
#.#.......##.#....
#..#.......#.#.._..


You could see a +1 spectral club and Jessica (fast).

Vanquished Creatures
  A dart slug (D:1)
  2 bats
  An endoplasm (D:2)
  A giant cockroach (D:2)
  2 goblins
  4 hobgoblins
  2 quokkas
  A frilled lizard (D:2)
  2 kobolds (D:1)
  3 rats (D:1)
19 creatures vanquished.

Notes
Turn   | Place    | Note
-------+----------+-------------------------------------------
     0 | D:1      | growler the Naga Transmuter began the quest for the Orb.
     0 | D:1      | Reached XP level 1. HP: 18/18 MP: 3/3
   120 | D:1      | Reached XP level 2. HP: 5/25 MP: 5/5
   621 | D:1      | Learned a level 2 spell: Wereblood
   835 | D:2      | Found a stormy altar of Qazlal.
   846 | D:2      | Noticed Jessica
   851 | D:2      | HP: 1/25 [+1 spectral club[Jessica] (4)]
   851 | D:2      | Constricted to death by Jessica

Illustrated notes

Levels and vault maps discovered:
D:1:      co_arrival_random_square_maze, layout_rooms, minmay_tree_intersection,
          hangedman_abyss_or_decor_lesser_grid
D:2:      layout_basic, serial_rivers, chequers_serial_rivers_micro_d,
          chequers_serial_rivers_micro_c, chequers_serial_rivers_large_b,
          chequers_serial_rivers_room_b, chequers_serial_rivers_micro_c,
          chequers_serial_rivers_micro_d,
          hellmonk_ecumenical_altar_heavens_door, basic_altar,
          kennysheep_jessica_study, uniq_jessica

Action                     || total
---------------------------++-------
  Melee: Unarmed           ||    55
         Headbutt          ||     4
         Punch             ||     1
   Cast: Beastly Appendage ||    11
Ability: Spit Poison       ||     3
   Stab: Sleeping          ||     1
 Armour: Robe              ||     5
  Dodge: Dodged            ||    26
